 Dungeon Crawl Stone Soup version 0.30-a0-55-g90e3122c3a (webtiles) character file.

Game seed: 7085733366533481405

561 IdlyInterested the Shield-Bearer (level 7, -2/54 HPs)
             Began as a Formicid Fighter on Sept 9, 2022.
             Slain by a gnoll
             ... wielding a +0 spear
              (3 damage)
             ... on level 3 of the Dungeon.
             The game lasted 00:09:54 (4916 turns).

IdlyInterested the Shield-Bearer (Formicid Fighter) Turns: 4916, Time: 00:09:55

Health: -2/54      AC: 10    Str: 21    XL:     7   Next: 57%
Magic:  7/7        EV:  9    Int:  7    God:
Gold:   167        SH:  6    Dex: 15    Spells: 6/6 levels left

rFire   + . .      SeeInvis +    a - +0 long sword
rCold   + . .      Faith    .    c - +0 buckler
rNeg    . . .      Spirit   .    b - +0 scale mail
rPois   +          Reflect  .    (helmet unavailable)
rElec   +          Harm     .    s - +0 cloak
rCorr   +          Rampage  .    m - +0 pair of gloves
Will    .....                    i - +0 pair of boots
Stlth   ..........               (no amulet)
HPRegen 0.18/turn                p - ring of poison resistance
MPRegen 0.10/turn                w - ring of flight

@: resistant, flying, invisible
A: permanent stasis, dig shafts and tunnels, antennae 3, four strong arms
a: Dig, Shaft Self


You were on level 3 of the Dungeon.
You visited 1 branch of the dungeon, and saw 3 of its levels.

You collected 167 gold pieces.

Inventory:

Hand Weapons
 a - a +0 long sword (weapon)
 f - a +1 rapier of speed
 r - a +2 dagger of flaming
Missiles
 v - a boomerang (quivered)
Armour
 b - a +0 scale mail (worn)
 c - a +0 buckler (worn)
 i - a +0 pair of boots (worn)
 m - a +0 pair of gloves (worn)
 s - a +0 cloak (worn)
 x - a +0 chain mail
Jewellery
 p - a ring of poison resistance (left hand)
 w - a ring of flight (right hand)
Scrolls
 e - 3 scrolls of identify {unknown}
 g - a scroll of magic mapping {unknown}
 j - 3 scrolls of enchant weapon {unknown}
 k - 2 scrolls of fear {unknown}
 n - a scroll of poison {unknown}
 o - a scroll of torment {unknown}
 q - a scroll of summoning {unknown}
 t - a scroll of butterflies {unknown}
Potions
 h - a potion of degeneration {unknown}
 l - a potion of resistance


   Skills:
 - Level 4.0 Fighting
 * Level 6.1 Long Blades
 - Level 3.2 Armour
 + Level 7.0 Shields


You had 6 spell levels left.
You didn't know any spells.
Your spell library was empty.

Dungeon Overview and Level Annotations

Branches:
Dungeon (3/15)

Altars:
Fedhas
Trog
Yredelemnul


Innate Abilities, Weirdness & Mutations

You cannot be hasted, slowed, berserked, paralysed or teleported.
You can dig through walls and to a lower floor.
You have a pair of large antennae on your head. (SInv)
Your four strong arms can wield two-handed weapons with a shield.


Message History

The gnoll sergeant is severely wounded.
The gnoll sergeant misses you.
The gnoll hits you from afar with a +0 spear.
You hit the gnoll sergeant but do no damage.
The gnoll sergeant is severely wounded.
The gnoll sergeant hits you but does no damage.
The gnoll hits you from afar with a +0 spear.
The gnoll sergeant hits you with a +0 spear!
The gnoll barely misses you.
You hit the gnoll sergeant.
The gnoll sergeant is severely wounded.
The gnoll sergeant hits you with a +0 spear.
You block the gnoll's attack.
You hit the gnoll sergeant but do no damage.
The gnoll sergeant is severely wounded.
The gnoll sergeant hits you with a +0 spear!
The gnoll hits you but does no damage.
You closely miss the gnoll sergeant.
The gnoll sergeant is severely wounded.
The gnoll sergeant hits you but does no damage.
You block the gnoll's attack.
You hit the gnoll sergeant.
The gnoll sergeant is almost dead.
The gnoll sergeant hits you with a +0 spear!
* * * LOW HITPOINT WARNING * * *
You block the gnoll's attack.
It was a potion of resistance.
You feel protected. The gnoll sergeant closely misses you.
The gnoll barely misses you.
It was a potion of invisibility.
You fade into invisibility!
The gnoll sergeant closely misses you. You block the gnoll's attack.
You slash the gnoll sergeant!
You kill the gnoll sergeant!
The gnoll hits you from afar with a +0 spear!
* * * LOW HITPOINT WARNING * * *
Your Long Blades skill increases to level 6!
Your Shields skill increases to level 7!
The gnoll hits you with a +0 spear.
You die...

~~~~≈~~~~~~~~≈~~~~≈~~≈≈†~~≈~~~~~~
~~≈≈≈≈≈≈≈~≈≈≈≈~≈≈≈~~~≈≈≈≈≈≈≈≈≈≈≈~
#~~~~~~~~~~≈~≈~~~~~≈≈≈~~~~~~~####
#............................#...
##############################...
# { { { #'## #################
#.#. ...#8..8#........ {#.
8..'...@)........ #.
8..'..g.'.)...... #. {
...#....#).......{ #. #
#....#######'' #. { { {{{ #....#
{ #. {{ { #....# ..#. # { { {
#....# #'##
#############''''#############...
#.......)..).....)...........#...


You could see a gnoll (unable to see you).

Vanquished Creatures
  A gnoll sergeant (D:3)
  4 hounds (D:3)
  Crazy Yiuf (D:3)
  An iguana (D:3)
  An orc wizard (D:3)
  15 gnolls
  3 adders
  6 worms
  4 dart slugs
  15 orcs (D:3)
  8 ball pythons
  3 endoplasms (D:2)
  2 goblins (D:1)
  6 hobgoblins
  13 jackals
  3 quokkas
  5 bats
  A frilled lizard (D:1)
  A kobold (D:3)
  5 rats
98 creatures vanquished.

Vanquished Creatures (others)
  4 plants (D:3)
4 creatures vanquished.

Grand Total: 102 creatures vanquished

Notes
Turn   | Place    | Note
-------+----------+-------------------------------------------
     0 | D:1      | IdlyInterested the Formicid Fighter began the quest for the
                  | Orb.
     0 | D:1      | Reached XP level 1. HP: 18/18 MP: 1/1
   438 | D:1      | Reached XP level 2. HP: 20/24 MP: 2/2
   904 | D:1      | You fall into a shaft and drop 1 floor!
   916 | D:2      | Reached XP level 3. HP: 29/29 MP: 3/3
  1361 | D:2      | Found a blossoming altar of Fedhas.
  1996 | D:2      | Reached XP level 4. HP: 36/37 MP: 4/4
  2315 | D:2      | Reached skill level 5 in Shields
  2355 | D:2      | Reached XP level 5. HP: 9/42 MP: 5/5
  3172 | D:3      | Found a basalt altar of Yredelemnul.
  3329 | D:3      | Reached XP level 6. HP: 22/48 MP: 6/6
  3562 | D:3      | Found a bloodstained altar of Trog.
  3782 | D:3      | Reached skill level 6 in Shields
  4030 | D:3      | Reached skill level 5 in Long Blades
  4363 | D:3      | Found a runed translucent door.
  4364 | D:3      | Noticed Crazy Yiuf
  4370 | D:3      | Killed Crazy Yiuf
  4371 | D:3      | Reached XP level 7. HP: 54/54 MP: 7/7
  4915 | D:3      | HP: 1/54 [gnoll/+0 spear (7)]
  4916 | D:3      | Reached skill level 7 in Shields
  4916 | D:3      | Slain by a gnoll

Illustrated notes

Levels and vault maps discovered:
D:1:      dpeg_arrival_boxes_within_box, layout_basic
D:2:      layout_basic, basic_altar
D:3:      lemuel_castle_with_subvaults [lemuel_castle_interior_carwin_2],
          layout_loops_cross, mainiacjoe_overflow_catch_the_wave, serial_glass,
          glass_columns_b, glass_columns_a, uniq_crazy_yiuf_cottage

Skill      XL: |  1  2  3  4  5  6  7 |
---------------+----------------------+-----
Long Blades    | 3 4 5 6 |  6.1
Shields        | 5 6 7 |  7.0
Fighting       | 4 |  4.0
Armour         | |  3.2

Action                   |  1- 3 |  4- 6 |  7- 9 || total
-------------------------+-------+-------+-------++-------
Melee: Long sword        |   118 |   215 |    95 ||   428
Throw: Throwing net      |       |     1 |     1 ||     2
  Use: Potion            |       |     1 |     2 ||     3
 Stab: Held in net/web   |       |       |     1 ||     1
Armor: Scale mail        |    58 |   128 |    17 ||   203
Dodge: Dodged            |    53 |   126 |    34 ||   213
Block: Buckler           |    31 |    70 |    23 ||   124

Table legend: (Time is in decaauts)
 A = Elapsed time spent in this place.
 B = Non-inter-level travel time spent in this place.
 C = Inter-level travel time spent in this place.
 D = Time resting spent in this place.
 E = Time spent auto-exploring this place.
 F = Levels seen in this place.
 G = Mean time per level.
                   A        B        C        D        E       F      G
               +--------+--------+--------+--------+--------+-----+--------+
         Total |   5018 |   4502 |    516 |   1695 |   1539 |   3 | 1672.7 |
       Dungeon |   5018 |   4502 |    516 |   1695 |   1539 |   3 | 1672.7 |
               +--------+--------+--------+--------+--------+-----+--------+

Top non-repeatable levels by time:
     D:2: 1974 daAuts
     D:3: 1889 daAuts
     D:1: 1154 daAuts
